[Event "Late-Titled-Tuesday-Blitz-September-19-2023"]
[Site "Chess.com"]
[Date "2023.09.19"]
[Round "6"]
[White "FairChess_on_YouTube"]
[Black "Bauman_Guy"]
[Result "1-0"]
[WhiteElo "3084"]
[BlackElo "2907"]
[TimeControl "180+1"]
[EndTime "15:03:41 PDT"]
[Termination "FairChess_on_YouTube won by resignation"]

1. c4 Nf6 2. Nc3 e5 3. e3 g6 4. d4 exd4 5. exd4 Bg7 6. Qe2+ Kf8 7.
Nf3 d6 8. Qd1 Nc6 9. h3 Bf5 10.
Be3 Ne4 11. Bd3 Nxc3 12. bxc3 Qd7 13. Rb1 b6 14. O-O h6 15. Bxf5 Qxf5 16. Rb5 Qd7 17. Re1 Kg8 18. h4 Na5 19. Rb4 Re8 20. Nd2 c5 21. Rb1 h5 22. Qf3 Kh7 23. Ne4 Rhf8 24.
dxc5 dxc5 25. Rbd1 Qg4 26. Qxg4 hxg4 27. Bg5 Nxc4 28.
Be7 Rh8 29. Rd7 a5 30. Red1 Ne5 31. Rb7 f5 32. Nf6+ Kh6 33. Nxe8 Rxe8 34. Bg5+ Kh7 35.
Bf6 1-0

[Event "Late-Titled-Tuesday-Blitz-September-19-2023"]
[Site "Chess.com"]
[Date "2023.09.19"]
[Round "6"]
[White "Balla_Tamas"]
[Black "TheMagician"]
[Result "1-0"]
[WhiteElo "2427"]
[BlackElo "2240"]
[TimeControl "180+1"]
[EndTime "15:03:43 PDT"]
[Termination "Balla_Tamas won on time"]

1. e4 d5 2. exd5 Qxd5 3. Nc3 Qd8 4. d4 Nf6 5. Nf3 c6 6. Bc4 Bf5 7. Ne5 e6 8. g4 Bg6 9. h4 Ne4 10. f3 Nxc3 11. bxc3 f6 12. Nxg6 hxg6 13. Bxe6 Qd6 14.
Qe2 Qg3+ 15. Qf2 Qxf2+ 16. Kxf2 Nd7 17. Bf4 O-O-O 18. Kg3 Ba3 19. Rab1 Rhf8 20. Rhe1 b6 21. Bc4 b5 22. Be6 Kb7 23. c4 Nb6 24. cxb5 cxb5 25.
Rxb5 Rxd4 26. c4 g5 27. hxg5 fxg5 28. Be5 Rd3 29. Bf5 Rdd8 30. c5 Kc6 31. Rb3 Bxc5 32.
Rc1 Rfe8 33. Bxg7 1-0

[Event "Late-Titled-Tuesday-Blitz-September-19-2023"]
[Site "Chess.com"]
[Date "2023.09.19"]
[Round "6"]
[White "SantoBlue"]
[Black "Msb2"]
[Result "0-1"]
[WhiteElo "2952"]
[BlackElo "3105"]
[TimeControl "180+1"]
[EndTime "15:03:45 PDT"]
[Termination "Msb2 won by resignation"]

1. e4 e6 2. d4 d5 3. e5 c5 4. c3 Nc6 5. Nf3 Nge7 6. Bd3 cxd4 7. cxd4 Nf5 8. Bxf5 exf5 9. O-O Be7 10. Nc3 Be6 11. Ne2 g5 12. Ne1 f4 13. Bd2 Qb6 14. Bc3 O-O 15. Kh1 f6 16. exf6 Bxf6 17. f3 Bf5 18.
Nd3 Rae8 19. Nf2 Re6 20. Qd2 Rfe8 21. Rae1 Qb5 22. Ng1 Re3 23. Ng4 Bxg4 24. fxg4 Nxd4 25. Bxd4 Bxd4 26. Nf3 Bf6 27. a4 Rxe1 28. Rxe1 Rxe1+ 29. Qxe1 Qd7 30. Qd1 Kg7 31. h3 d4 32. Ne1 Qe6 33. Nd3 Qe3 34. b4 Be7 35. Qc2 f3 36. Qc7 Kh6 37. gxf3 Qxf3+ 38. Kg1 Qxd3 39. Qxe7 Qg3+ 40.
Kf1 Qxh3+ 41. Ke1 Qe3+ 42. Qxe3 dxe3 43. Ke2 Kg6 44. Kxe3 h5 0-1

[Event "Late-Titled-Tuesday-Blitz-September-19-2023"]
[Site "Chess.com"]
[Date "2023.09.19"]
[Round "6"]
[White "SpeedofLight0"]
[Black "TigrVShlyape"]
[Result "1-0"]
[WhiteElo "3096"]
[BlackElo "2972"]
[TimeControl "180+1"]
[EndTime "15:03:45 PDT"]
[Termination "SpeedofLight0 won by resignation"]

1. d4 f5 2. Nc3 e6 3. Nf3 Nf6 4.
Bg5 Bb4 5. e3 h6 6. Bxf6 Bxc3+ 7. bxc3 Qxf6 8. Bd3 O-O 9. e4 fxe4 10. Bxe4 d5 11. Bd3 c5 12. O-O Nc6 13. Bb5 Ne7 14. Re1 c4 15. Ne5 Rd8 16. Qh5 a6 17. Be8 Qf5 18. a4 Qxh5 19. Bxh5 Rf8 20. a5 Nf5 21.
Rab1 Nd6 22. Rb6 Ne4 23. Re3 Nf6 24. Bg6 Rd8 25. g4 Kf8 26. h4 Ke7 27. g5 hxg5 28. hxg5 Nd7 29. Rxe6+ Kxe6 30. Nf7+ Ne5 31. Rxe5+ Kd7 32.
Rxd5+ Ke7 33. Rxd8 1-0

[Event "Late-Titled-Tuesday-Blitz-September-19-2023"]
[Site "Chess.com"]
[Date "2023.09.19"]
[Round "6"]
[White "Inepton_Fermion"]
[Black "TatjanaVasilevich"]
[Result "0-1"]
[WhiteElo "2371"]
[BlackElo "2560"]
[TimeControl "180+1"]
[EndTime "15:03:48 PDT"]
[Termination "TatjanaVasilevich won on time"]

1. Nf3 c5 2. b3 Nc6 3. Bb2 d6 4. d4 cxd4 5. Nxd4 Nf6 6. c4 e5 7. Nxc6 bxc6 8. g3 d5 9. Bxe5 Ne4 10. a3 Qb6 11. Bd4 c5 12. Be3 d4 13. Bf4 Bb7 14.
Bg2 g5 15. Bc1 Qa5+ 16. Kf1 O-O-O 17. Qd3 f5 18. g4 Bg7 19. gxf5 Rde8 20. Nd2 Nc3 21.
Bxb7+ Kxb7 22. Qf3+ Kb8 23. f6 Bh6 24. b4 Qc7 25.
bxc5 Rxe2 26. Nb1 g4 27. Qxg4 Rhe8 28. Nxc3 Re1+ 29. Kg2 Qc6+ 30. Qf3 Rg8+ 31. Kh3 Qxf3+ 0-1

[Event "Late-Titled-Tuesday-Blitz-September-19-2023"]
[Site "Chess.com"]
[Date "2023.09.19"]
[Round "6"]
[White "RCone"]
[Black "Chempiblinka"]
[Result "1-0"]
[WhiteElo "2449"]
[BlackElo "2248"]
[TimeControl "180+1"]
[EndTime "15:03:49 PDT"]
[Termination "RCone won on time"]

1. e4 c5 2. Nc3 a6 3. g3 b5 4. Bg2 Bb7 5. d3 e6 6. f4 Nf6 7. Nf3 d5 8. e5 Nfd7 9. O-O Nc6 10. f5 Ndxe5 11. fxe6 fxe6 12. Ng5 Qe7 13. Bh3 Bc8 14. Bf4 h6 15. Bxe5 Nxe5 16. Nf3 Nxf3+ 17. Qxf3 Ra7 18. Nxd5 Qb7 19. Rae1 Kd8 20. Bxe6 Bxe6 21. Rxe6 Qd7 22. Rfe1 Bd6 23. Nb6 Qc7 24. Qd5 c4 25. Rxd6+ 1-0

[Event "Late-Titled-Tuesday-Blitz-September-19-2023"]
[Site "Chess.com"]
[Date "2023.09.19"]
[Round "6"]
[White "RIPOL"]
[Black "ural58"]
[Result "1/2-1/2"]
[WhiteElo "2424"]
[BlackElo "2548"]
[TimeControl "180+1"]
[EndTime "15:03:53 PDT"]
[Termination "Game drawn by repetition"]

1. d4 d5 2. c4 e5 3. dxe5 d4 4. Nf3 Nc6 5. a3 g6 6. Bf4 h6 7.
h3 Bg7 8. Nbd2 f6 9. exf6 Nxf6 10. g4 O-O 11. Qc2 d3 12. Qxd3 Qxd3 13. exd3 Nxg4 14.
Bxc7 Bxb2 15. Rb1 Re8+ 16. Be2 Nge5 17. Nxe5 Bxe5 18. Bxe5 Nxe5 19. Kf1 b6 20. d4 Nc6 21. Bf3 Bb7 22. Kg2 Rac8 23. Nb3 Ba8 24. Bd5+ Kg7 25. Rhe1 Kf6 26. Bxc6 Bxc6+ 27. d5 Bd7 28. Nd2 Bf5 29. Rbc1 Rxe1 30. Rxe1 g5 31. Kg3 b5 32. cxb5 Rc5 33.
Ne4+ Bxe4 34. Rxe4 Rxb5 35. Re6+ Kf5 36. Ra6 Rxd5 37.
Rxa7 Rd3+ 38. f3 h5 39. Ra5+ Kf6 40. Ra6+ Kf5 41. Ra5+ Kf6 42. Ra6+ Kf5 43. Ra5+ 1/2-1/2

[Event "Late-Titled-Tuesday-Blitz-September-19-2023"]
[Site "Chess.com"]
[Date "2023.09.19"]
[Round "6"]
[White "Dacean99"]
[Black "egnfanclub"]
[Result "0-1"]
[WhiteElo "2487"]
[BlackElo "2363"]
[TimeControl "180+1"]
[EndTime "15:03:53 PDT"]
[Termination "egnfanclub won by resignation"]

1. d4 d5 2. Nf3 Nf6 3. c4 c6 4. Nc3 e6 5. Bg5 dxc4 6. a4 Bb4 7.
e3 Qa5 8. Rc1 Ne4 9. Bf4 Nxc3 10. bxc3 Bxc3+ 11. Ke2 b5 12. Qc2 Bb4 13. Ne5 f6 14.
Nf3 Nd7 15. h4 Bb7 16. h5 Qxa4 17. Qxa4 bxa4 18. Rxc4 Ba6 19. Kd1 Bxc4 20. Bxc4 Ke7 21. Kc2 Nb6 22. Bd3 Nd5 23. Bg3 a5 24. Ra1 a3 25. e4 Nb6 26. e5 Nd5 27. Be4 Rac8 28.
Kb3 Kd7 29. exf6 gxf6 30. h6 Bd6 31. Bxd6 Kxd6 32. Kxa3 Rb8 33. Nd2 Rb4 34. Bxd5 cxd5 35. Nb3 Rc4 36. Re1 a4 37. Nc5 e5 38. Nb7+ Kc7 39.
Na5 Rxd4 40. Rc1+ Kb6 41. Nc6 Rc8 42. Nxd4 Rxc1 43. Ne6 Rc2 44. Nf8 Rxf2 45. Nxh7 Rxg2 46. Nxf6 Rh2 47. h7 Kc5 48. Kxa4 d4 49. Kb3 Rh3+ 50. Kc2 Kc4 51. Kd2 Rh2+ 52. Ke1 Kd3 53. Kf1 e4 54. Kg1 Rh6 55. Ng4 Rxh7 56. Nf2+ Ke3 57. Ng4+ Kf4 58. Nf6 Rg7+ 59. Kf1 Rf7 60. Ne8 Ke3+ 61.
Ke1 d3 62. Nd6 d2+ 63. Kd1 Rf1+ 64. Kc2 d1=Q+ 65. Kb2 Qxd6 0-1

[Event "Late-Titled-Tuesday-Blitz-September-19-2023"]
[Site "Chess.com"]
[Date "2023.09.19"]
[Round "6"]
[White "Taran2004"]
[Black "Mikhail_Golubev"]
[Result "0-1"]
[WhiteElo "2437"]
[BlackElo "2573"]
[TimeControl "180+1"]
[EndTime "15:03:54 PDT"]
[Termination "Mikhail_Golubev won by resignation"]

1. e4 c5 2. Nf3 d6 3. d4 Nf6 4. dxc5 Nxe4 5. cxd6 Nc6 6. Bd3 Nxd6 7. O-O g6 8. Nc3 Bg7 9. Bf4 O-O 10. Qd2 e5 11.
Bh6 Bg4 12. Bxg7 Kxg7 13. Ng5 h6 14. Nge4 Nxe4 15. Nxe4 Qb6 16. h3 Bf5 17. c3 Rad8 18. Qc2 Be6 19. Ng3 f5 20. Rfe1 e4 21. Bf1 Ne5 22. Rad1 Bxa2 23. Rxd8 Rxd8 24. Qa4 Bf7 25. Rd1 Bb3 26. Qxb3 Qxb3 27. Rxd8 Qxb2 28. Rb8 Nd3 29. Nh1 a5 30. Ra8 Qxc3 31. Ra7 Qb4 32. f3 Qb6+ 0-1

[Event "Late-Titled-Tuesday-Blitz-September-19-2023"]
[Site "Chess.com"]
[Date "2023.09.19"]
[Round "6"]
[White "jinxy2009"]
[Black "Mimsychess"]
[Result "1-0"]
[WhiteElo "2315"]
[BlackElo "2354"]
[TimeControl "180+1"]
[EndTime "15:03:54 PDT"]
[Termination "jinxy2009 won on time"]

1. e4 c5 2. Nf3 e6 3. d4 cxd4 4. Nxd4 Nf6 5. Nc3 Nc6 6. Ndb5 Bc5 7. Bf4 O-O 8. Bc7 Qe7 9. Bd6 Bxd6 10. Qxd6 Qd8 11. O-O-O a6 12. Nd4 Nxd4 13. Qxd4 b5 14. e5 Ne8 15. Bd3 Bb7 16. Ne4 f5 17. Nd6 Bd5 18.
Nxe8 Rxe8 19. Kb1 Qa5 20. b3 Rf8 21. Rhg1 Rac8 22. h3 Qc3 23. Qxc3 Rxc3 24. Kb2 Rc5 25. f4 a5 26. Rdf1 b4 27. g4 g6 28. gxf5 exf5 29.
Rd1 Rfc8 30. Rd2 Kf7 31. h4 Be6 32. Rgd1 a4 33. bxa4 Rc3 34. Bb5 Ra3 35. Bxd7 1-0

[Event "Late-Titled-Tuesday-Blitz-September-19-2023"]
[Site "Chess.com"]
[Date "2023.09.19"]
[Round "6"]
[White "Dhaydon19"]
[Black "DanielDardha2005"]
[Result "1-0"]
[WhiteElo "2674"]
[BlackElo "2901"]
[TimeControl "180+1"]
[EndTime "15:03:55 PDT"]
[Termination "Dhaydon19 won by resignation"]

1. d4 Nf6 2. Nf3 a5 3. g3 a4 4. Bg2 g6 5. c4 d6 6. O-O Bg7 7.
Nc3 Bd7 8. Rb1 O-O 9. Ne1 Nc6 10. Nxa4 Nxd4 11. Nc3 Nc6 12. Nc2 Qc8 13. b3 Bh3 14. Bb2 Bxg2 15. Kxg2 e6 16. Ne3 h5 17.
h4 b6 18. Qd2 Qb7 19. f3 Nd7 20.
Ba1 Nc5 21. b4 Nd7 22. a4 Nce5 23. Qc2 Bh6 24. Ncd1 Qa6 25. f4 Qb7+ 26. Kh3 Ng4 27. Nxg4 hxg4+ 28. Kh2 f5 29. Nf2 Qa6 30. Nxg4 Bg7 31.
Bxg7 Kxg7 32. Qc3+ Kh7 33. Nf2 Qxa4 34. Nh3 e5 35.
Ng5+ Kh6 36. c5 Qc6 37. fxe5 Nxe5 38. Qd2 Ng4+ 39. Kh3 Kh5 40. Nf7 f4 41. Qxf4 1-0

[Event "Late-Titled-Tuesday-Blitz-September-19-2023"]
[Site "Chess.com"]
[Date "2023.09.19"]
[Round "6"]
[White "Hooded_Old_Man"]
[Black "koncheto"]
[Result "1/2-1/2"]
[WhiteElo "2281"]
[BlackElo "2563"]
[TimeControl "180+1"]
[EndTime "15:04:02 PDT"]
[Termination "Game drawn by repetition"]

1. d4 Nf6 2. c4 e6 3. Nf3 c5 4. d5 exd5 5. cxd5 d6 6. Nc3 g6 7.
h3 Bg7 8. e4 O-O 9. Bd3 b5 10.
O-O a6 11. Re1 Re8 12. Bf4 Qb6 13. Qd2 Nbd7 14. Rad1 Bb7 15. Bc2 Rac8 16. a3 a5 17.
a4 b4 18. Nb5 Bf8 19. b3 c4 20.
bxc4 Rxc4 21. Bd3 Rcc8 22. Nfd4 Nc5 23. Bb1 Nfxe4 24. Bxe4 Nxe4 25. Qd3 Bxd5 26. Bc1 Nc3 27. Nxc3 Rxc3 28. Qxc3 bxc3 29. Rxe8 Kg7 30. Rde1 Qxd4 31. Rxf8 Be6 32. Rb8 Qxa4 33. Rb7 h5 34. Rc7 Qb3 35. Kh2 a4 36. Re3 a3 37. Rcxc3 Qd5 38. Bxa3 Qd4 39. Rcd3 Qf4+ 40. Kg1 d5 41. Bb2+ Kh7 42. Be5 Qc4 43. Rd4 Qc1+ 44. Kh2 Qf1 45. Rf4 g5 46. Rf6 Qd1 47.
Ra3 Qe2 48. Re3 Qa6 49. Rb3 Qe2 50. Re3 Qa6 51. Rb3 Qe2 52. Re3 1/2-1/2

[Event "Late-Titled-Tuesday-Blitz-September-19-2023"]
[Site "Chess.com"]
[Date "2023.09.19"]
[Round "6"]
[White "ilm2034"]
[Black "BeanScreen"]
[Result "1-0"]
[WhiteElo "2582"]
[BlackElo "2699"]
[TimeControl "180+1"]
[EndTime "15:04:03 PDT"]
[Termination "ilm2034 won by resignation"]

1. e4 e5 2. Nf3 Nc6 3. Bc4 Nf6 4. d3 Be7 5. O-O O-O 6. c3 d5 7.
exd5 Nxd5 8. h3 Bf5 9. Re1 Nb6 10. Bb5 Bd6 11. d4 e4 12. Nfd2 Qh4 13. Nf1 a6 14. Be2 Rae8 15. Be3 Bg6 16. g3 Qe7 17. c4 Bb4 18. Nc3 f5 19. Bf4 Rd8 20. d5 Ne5 21. Qd4 Bd6 22. c5 Nc6 23. cxd6 Rxd6 24. Bxd6 Qxd6 25.
Qe3 Nb4 26. Rac1 f4 27. gxf4 Rxf4 28. Ng3 Qe5 29. a3 N4xd5 30. Nxd5 Nxd5 31. Bc4 Rf3 32. Qxf3 Bf7 33. Qxe4 1-0

[Event "Late-Titled-Tuesday-Blitz-September-19-2023"]
[Site "Chess.com"]
[Date "2023.09.19"]
[Round "6"]
[White "Hikaru"]
[Black "GMBenjaminBok"]
[Result "1-0"]
[WhiteElo "3254"]
[BlackElo "2960"]
[TimeControl "180+1"]
[EndTime "15:04:04 PDT"]
[Termination "Hikaru won by checkmate"]

1. e4 c5 2. Nf3 d6 3. d4 cxd4 4.
Nxd4 Nf6 5. Nc3 a6 6. Be2 e5 7. Nb3 Be7 8. Bg5 Be6 9. Bxf6 Bxf6 10. Qd3 Nd7 11. O-O-O Be7 12. Nd5 Bxd5 13. Qxd5 Qc7 14.
c3 O-O 15. Kb1 Nf6 16. Qd3 Rfd8 17. Bf3 b5 18. g4 Rab8 19. Nd2 Qc5 20. Qe2 Nd7 21. Nf1 Bg5 22. h4 Bf4 23. Rd5 Qc7 24. Ne3 Nb6 25. Rd3 Bxe3 26. Qxe3 Nc4 27. Qc1 Qc5 28.
Rf1 a5 29. Be2 Nb6 30. h5 b4 31. h6 bxc3 32. Qg5 g6 33. Qf6 Kf8 34. Rf3 Rd7 35.
Qh8+ Ke7 36. Qxb8 Qb4 37. Rxc3 Qxe4+ 38. Rc2 Nd5 39. f3 Qd4 40. Bb5 Ne3 41. Bxd7 Qd3 42.
Qe8+ Kf6 43. Qd8# 1-0

[Event "Late-Titled-Tuesday-Blitz-September-19-2023"]
[Site "Chess.com"]
[Date "2023.09.19"]
[Round "6"]
[White "MFatigue"]
[Black "Jarming"]
[Result "0-1"]
[WhiteElo "2559"]
[BlackElo "2735"]
[TimeControl "180+1"]
[EndTime "15:04:06 PDT"]
[Termination "Jarming won by resignation"]

1. e4 c5 2. a3 d6 3. b4 Nf6 4. Nc3 g6 5. Nf3 Bg7 6. d4 cxd4 7. Nxd4 O-O 8. Bb2 b6 9. Be2 Bb7 10. Bf3 Nbd7 11. O-O Rc8 12. Nd5 Ne5 13. Re1 Nfd7 14. Be2 Nc4 15. Bxc4 Rxc4 16. Ne3 Rc8 17. f3 Ne5 18. Qe2 a6 19. c4 e6 20. Rac1 Re8 21.
Nb3 Qg5 22. Rcd1 Red8 23. Rf1 Qh5 24. g4 Qh3 25. f4 Nxg4 26. Nxg4 Bxb2 27. Rd3 Qh4 28.
Rg3 Bg7 29. f5 exf5 30. exf5 Re8 31. Qd2 Rxc4 32. Ne3 Rc3 33. fxg6 hxg6 34. Nc1 Rcxe3 35. Rxe3 Qg5+ 0-1

[Event "Late-Titled-Tuesday-Blitz-September-19-2023"]
[Site "Chess.com"]
[Date "2023.09.19"]
[Round "6"]
[White "MKlose11"]
[Black "Eloist"]
[Result "1/2-1/2"]
[WhiteElo "2585"]
[BlackElo "2494"]
[TimeControl "180+1"]
[EndTime "15:04:06 PDT"]
[Termination "Game drawn - insufficient material"]

1. e4 e6 2. d4 d5 3. Nc3 Nf6 4. Bg5 dxe4 5. Nxe4 Be7 6. Nxf6+ Bxf6 7. Bxf6 Qxf6 8.
Nf3 O-O 9. Be2 c5 10. O-O Rd8 11. c3 cxd4 12. cxd4 Nc6 13. Rc1 Nxd4 14. Nxd4 Qxd4 15.
Qc2 Qd2 16. Bf3 Qxc2 17. Rxc2 Rb8 18. Rc7 Rd7 19. Rfc1 Rxc7 20. Rxc7 Kf8 21. g3 Ke8 22. a3 a5 23. h4 Bd7 24. Rxb7 Rxb7 25. Bxb7 Ke7 26.
Kf1 Kd6 27. Ke2 e5 28. Kd3 f5 29. Kc4 h6 30. Bf3 g5 31. b4 axb4 32. Kxb4 e4 33. Be2 f4 34. hxg5 hxg5 35. gxf4 gxf4 36. a4 Ke5 37. a5 Kd4 38. a6 Bc6 39. a7 f3 40. Bb5 Ba8 41. Ka5 e3 42. fxe3+ Kxe3 43. Kb6 f2 44. Kc7 Bg2 45. Kb8 Kd2 46. Bf1 Bf3 47.
Ba6 Ke1 48. Bb7 Bxb7 49. Kxb7 f1=Q 50. a8=Q Qh1+ 51. Kb8 Qxa8+ 52. Kxa8 1/2-1/2

[Event "Late-Titled-Tuesday-Blitz-September-19-2023"]
[Site "Chess.com"]
[Date "2023.09.19"]
[Round "6"]
[White "IvanRadivojevic"]
[Black "MessiKingdom"]
[Result "1-0"]
[WhiteElo "2545"]
[BlackElo "2618"]
[TimeControl "180+1"]
[EndTime "15:04:10 PDT"]
[Termination "IvanRadivojevic won by resignation"]

1. e4 c6 2. d4 d5 3. exd5 cxd5 4.
c4 Nf6 5. Nc3 Nc6 6. Nf3 Bg4 7.
cxd5 Nxd5 8. Qb3 Bxf3 9. gxf3 e6 10. Qxb7 Nxd4 11. Bb5+ Nxb5 12. Qc6+ Ke7 13. Qc5+ Nd6 14. Nxd5+ exd5 15. O-O Qb6 16. Qxd5 Rc8 17. Re1+ Kd7 18. Bf4 Qc6 19. Qd3 Qc4 20. Qe3 Qc5 21. Qd2 Qc2 22. Qa5 Qg6+ 23. Kh1 Qd3 24. Re3 Qf5 25. Qxa7+ Rc7 26. Qd4 Be7 27. Rd1 Re8 28. Rxe7+ Rxe7 29. Qxd6+ Kc8 30. Qd8+ Kb7 31. Bxc7 Qxf3+ 32. Kg1 Rxc7 33. Qd5+ Qxd5 34. Rxd5 Rc1+ 35. Kg2 Kc6 36. Rd3 f5 37. a4 Kb6 38. Rd7 g6 39. Rxh7 Ka5 40. Rg7 Rc6 41. Ra7+ Kb4 42. Kg3 Kb3 43. a5 Kxb2 44. Rb7+ Ka3 45.
Rb6 Rc5 46. Rxg6 Rxa5 47. h4 Kb4 48. h5 f4+ 49. Kg4 Kc4 50. h6 Ra8 51. h7 Rh8 52. Rg7 Kd5 53. Kxf4 Ke6 54. Kg5 Ke5 55. Kg6 Ke6 56.
Rg8 1-0

[Event "Late-Titled-Tuesday-Blitz-September-19-2023"]
[Site "Chess.com"]
[Date "2023.09.19"]
[Round "6"]
[White "leoduarte"]
[Black "mac0504"]
[Result "1-0"]
[WhiteElo "2503"]
[BlackElo "2563"]
[TimeControl "180+1"]
[EndTime "15:04:10 PDT"]
[Termination "leoduarte won by resignation"]

1. d4 Nf6 2. Nf3 b6 3. c4 Bb7 4. g3 c5 5. d5 b5 6. b3 g6 7.
Bb2 Bg7 8. Bg2 O-O 9. O-O d6 10. Nbd2 Nbd7 11. Re1 e5 12. dxe6 fxe6 13. cxb5 Qe7 14. e4 Ng4 15. Bxg7 Qxg7 16. Nc4 d5 17. Nd6 dxe4 18. Nxe4 Rad8 19. Qe2 Bd5 20. Rac1 h6 21. h3 Nge5 22. Nxe5 Nxe5 23. Nxc5 Nf3+ 24. Bxf3 Bxf3 25. Qxe6+ Kh7 26. Qe7 Bd5 27. Qxg7+ Kxg7 28. Re7+ Kf6 29. Rxa7 Rfe8 30. Ra6+ Kf7 31. Ra7+ Kf6 32. Nd7+ Kf5 33. Nb6 Bf3 34. Rf7+ Ke4 35. Rc4+ 1-0

[Event "Late-Titled-Tuesday-Blitz-September-19-2023"]
[Site "Chess.com"]
[Date "2023.09.19"]
[Round "6"]
[White "AEMEffi"]
[Black "Danishcrown"]
[Result "1-0"]
[WhiteElo "2325"]
[BlackElo "2111"]
[TimeControl "180+1"]
[EndTime "15:04:12 PDT"]
[Termination "AEMEffi won by resignation"]

1. d4 Nf6 2. c4 e6 3. g3 d5 4.
Nf3 Bb4+ 5. Bd2 Be7 6. Bg2 O-O 7.
O-O dxc4 8. Qc2 c5 9. dxc5 Nbd7 10. Qxc4 Bxc5 11. Nc3 a6 12. b4 b5 13. Qb3 Ba7 14.
Rad1 Bb7 15. Bg5 Qc7 16. Rc1 Rac8 17. Nxb5 Qb8 18. Nxa7 Rxc1 19. Bxc1 Qxa7 20. Bb2 Bd5 21. Qa3 Qb7 22. Rc1 Rb8 23. Ne1 Bxg2 24. Nxg2 Qxb4 25.
Qxb4 Rxb4 26. Rc8+ Nf8 27. Rc2 Rb8 28. f3 Nd5 29. e4 Nb4 30. Rd2 a5 31. a3 Nc6 32.
Ne3 Ng6 33. Nc4 Nge5 34. Nxe5 Nxe5 35. Bxe5 1-0

[Event "Late-Titled-Tuesday-Blitz-September-19-2023"]
[Site "Chess.com"]
[Date "2023.09.19"]
[Round "6"]
[White "artin10862"]
[Black "chessdjw"]
[Result "1-0"]
[WhiteElo "2921"]
[BlackElo "2670"]
[TimeControl "180+1"]
[EndTime "15:04:15 PDT"]
[Termination "artin10862 won on time"]

1. Nf3 Nf6 2. c4 b6 3. Nc3 Bb7 4. d3 d5 5. cxd5 Nxd5 6. Nxd5 Qxd5 7. e4 Qd6 8. Qc2 Nc6 9. d4 e6 10. a3 O-O-O 11. Be3 f5 12. exf5 exf5 13. Qxf5+ Kb8 14.
Be2 Ne7 15. Qc2 Nd5 16. O-O Be7 17. Ne5 Bf6 18. Nf7 Nxe3 19. fxe3 Qe7 20. Nxd8 Qxe3+ 21. Kh1 Rxd8 22. Rac1 Rd7 23. Bb5 Re7 24. Bc6 Qxd4 25. Bxb7 Kxb7 26. Qc6+ Kb8 27. Rfd1 Re3 28. Qxc7+ 1-0

[Event "Late-Titled-Tuesday-Blitz-September-19-2023"]
[Site "Chess.com"]
[Date "2023.09.19"]
[Round "6"]
[White "reevecanada"]
[Black "krzyzan94"]
[Result "0-1"]
[WhiteElo "2520"]
[BlackElo "2801"]
[TimeControl "180+1"]
[EndTime "15:04:15 PDT"]
[Termination "krzyzan94 won by checkmate"]

1. e4 c5 2. Nf3 Nc6 3. Bb5 a6 4. Bxc6 dxc6 5. O-O Bg4 6. d3 e5 7. h3 Bxf3 8. Qxf3 Bd6 9. Qg3 Qf6 10. Nc3 Ne7 11.
Na4 Ng6 12. Be3 Qe7 13. h4 b5 14. h5 bxa4 15. hxg6 hxg6 16. Rfb1 Rh5 17. b3 a3 18.
Kf1 Qe6 19. Ke2 Kd7 20. Bc1 f5 21. Bxa3 f4 22. Qf3 Rah8 23. g3 g5 24. gxf4 exf4 25. Rg1 Rh3 26. Qg4 f3+ 27. Kd2 Bf4+ 28. Qxf4 gxf4 29.
Rxg7+ Kc8 30. Rag1 R3h5 31. R1g6 Qe8 32. Ra7 Qxg6 33.
b4 Rh2 34. bxc5 Rxf2+ 35. Kc3 Qf6+ 36. d4 Rhh2 37. e5 Rxc2+ 38. Kb4 Qe6 39. Ka5 Qc4 40.
Kb6 Qb5# 0-1

[Event "Late-Titled-Tuesday-Blitz-September-19-2023"]
[Site "Chess.com"]
[Date "2023.09.19"]
[Round "6"]
[White "scandalgod"]
[Black "Tomytoteph"]
[Result "0-1"]
[WhiteElo "2462"]
[BlackElo "2585"]
[TimeControl "180+1"]
[EndTime "15:04:15 PDT"]
[Termination "Tomytoteph won by resignation"]

1. d4 Nf6 2. c4 e6 3. g3 Bb4+ 4. Bd2 Qe7 5. Nf3 b6 6. Bg2 Bb7 7. O-O O-O 8. Bg5 h6 9. Bf4 Bd6 10. Bxd6 Qxd6 11. Nc3 Qe7 12. Qc2 d6 13. e4 e5 14.
Rfe1 Nbd7 15. Nd5 Nxd5 16. exd5 Rfe8 17. Qf5 g6 18. Qg4 Bc8 19. Qe4 Qf6 20. Rad1 Ba6 21.
b3 exd4 22. Qxe8+ Rxe8 23. Rxe8+ Kg7 24. Nxd4 h5 25. Nc6 Bb7 26. Rde1 Bxc6 27. dxc6 Ne5 28. Bd5 h4 29. Re2 h3 30. f4 Nd3 31. R8e4 Qa1+ 32.
Re1 Nxe1 33. Kf2 Nd3+ 34. Ke3 Nb4 35. Re7 Qc3+ 36. Kf2 Qd2+ 37. Kf3 Nxd5 0-1

[Event "Late-Titled-Tuesday-Blitz-September-19-2023"]
[Site "Chess.com"]
[Date "2023.09.19"]
[Round "6"]
[White "MergenKakabaev"]
[Black "Aariow"]
[Result "0-1"]
[WhiteElo "2649"]
[BlackElo "2572"]
[TimeControl "180+1"]
[EndTime "15:04:16 PDT"]
[Termination "Aariow won by checkmate"]

1. e4 c5 2. Nf3 Nc6 3. Bb5 g6 4. Bxc6 dxc6 5. h3 Bg7 6. d3 e5 7.
Nc3 b6 8. Be3 f6 9. Qd2 Ne7 10. a3 O-O 11. b4 cxb4 12. axb4 f5 13. Qc1 f4 14. Bd2 Qd6 15. Ne2 Bf6 16. Qb2 g5 17.
Bc3 Ng6 18. g4 fxg3 19. fxg3 g4 20. hxg4 Bxg4 21. Rf1 Bg7 22. Nd2 Rxf1+ 23. Nxf1 Qd7 24. Ne3 Rf8 25. Nxg4 Qxg4 26. Rxa7 Qf3 27. Qa2+ Kh8 28.
Kd1 Qh1+ 29. Be1 Rf1 30. Ra8+ Nf8 31. Kd2 Rxe1 32. Qf7 Rf1 33. Nf4 Rf2+ 34. Kc3 exf4+ 35. e5 fxg3 36. Qe7 Qe1+ 37. Kb2 Qxe5+ 38. Qxe5 Bxe5+ 39. Kb3 g2 40. Re8 Bg7 41. Rc8 g1=Q 42. Rxc6 Qb1+ 43. Ka4 Rxc2 44. Rxb6 Ra2+ 45. Kb5 Qxd3+ 46. Kc6 Qd7+ 47. Kc5 Rc2# 0-1

[Event "Late-Titled-Tuesday-Blitz-September-19-2023"]
[Site "Chess.com"]
[Date "2023.09.19"]
[Round "6"]
[White "filipluczak05"]
[Black "Jaka_Brilej"]
[Result "1/2-1/2"]
[WhiteElo "2548"]
[BlackElo "2482"]
[TimeControl "180+1"]
[EndTime "15:04:16 PDT"]
[Termination "Game drawn by repetition"]

1. d4 d5 2. Nc3 Nf6 3. Bf4 e6 4.
e3 Bb4 5. Bd3 c5 6. dxc5 Bxc5 7.
Nf3 O-O 8. O-O a6 9. e4 Nc6 10. Bg5 dxe4 11. Bxf6 Qxf6 12. Nxe4 Qe7 13. Nxc5 Qxc5 14.
c3 e5 15. Qe2 f5 16. Ng5 h6 17. Bc4+ Kh8 18. Nf7+ Kh7 19. Ng5+ Kh8 20. Ne6 Bxe6 21. Bxe6 Rae8 22. Bd7 Re7 23. Rad1 e4 24. Bxc6 Qxc6 25. Rd4 f4 26. Rfd1 f3 27. Qe3 Qg6 28. g3 Qg4 29. Rd8 Ree8 30. Rxe8 Rxe8 31. Kh1 Re5 32. Qf4 Qh3 33.
Rg1 Rh5 34. g4 Rg5 35. Qxe4 h5 36. Qe8+ Kh7 37. Qe4+ Kh8 38. Qe8+ Kh7 39. Qe4+ Kh8 1/2-1/2

[Event "Late-Titled-Tuesday-Blitz-September-19-2023"]
[Site "Chess.com"]
[Date "2023.09.19"]
[Round "6"]
[White "WilliamAlfaroCaracas"]
[Black "protectiago"]
[Result "1-0"]
[WhiteElo "2261"]
[BlackElo "2079"]
[TimeControl "180+1"]
[EndTime "15:04:21 PDT"]
[Termination "WilliamAlfaroCaracas won on time"]

1. e4 e5 2. Nf3 Nc6 3. Nc3 Bc5 4. Nxe5 Nxe5 5. d4 Bd6 6. dxe5 Bxe5 7. Bd3 d6 8. O-O Nf6 9. Be3 O-O 10. f4 Bxc3 11.
bxc3 Ng4 12. Bd4 Qh4 13. h3 c5 14. hxg4 cxd4 15. cxd4 Bxg4 16. Be2 Bxe2 17. Qxe2 f5 18.
exf5 Rae8 19. Qc4+ Kh8 20. Qd5 Rf6 21. Rf3 Re1+ 22. Rf1 Rh6 23. Raxe1 Qh2+ 24. Kf2 Qxf4+ 25. Ke2 Qg4+ 26. Qf3 Qxd4 27. Rd1 Qc4+ 28. Qd3 Qg4+ 29. Kd2 Rh2 30. Kc1 Qxg2 31. Rfe1 1-0

[Event "Late-Titled-Tuesday-Blitz-September-19-2023"]
[Site "Chess.com"]
[Date "2023.09.19"]
[Round "6"]
[White "ozates"]
[Black "kleopl"]
[Result "1-0"]
[WhiteElo "2593"]
[BlackElo "2465"]
[TimeControl "180+1"]
[EndTime "15:04:23 PDT"]
[Termination "ozates won by resignation"]

1. e4 c5 2. Nf3 d6 3. c3 Nf6 4. Bd3 g6 5. Bc2 e5 6. h3 Bg7 7. O-O O-O 8. d4 exd4 9. cxd4 cxd4 10. Nxd4 Nc6 11. Nc3 d5 12. Nxc6 bxc6 13. exd5 Nxd5 14.
Nxd5 cxd5 15. Re1 Rb8 16. Bb3 Be6 17. Bf4 Rb7 18. Be5 Bxe5 19. Rxe5 Qf6 20. Qe2 Rfb8 21. Rd1 h5 22. Rd3 Qf4 23. Rf3 Qc1+ 24. Kh2 Kg7 25.
Rxe6 fxe6 26. Qxe6 Qc7+ 27. g3 Qe7 28. Qxd5 Rd8 29.
Qa5 Rf8 30. Qc3+ Kh7 31. Bc2 Rc7 32. Re3 Qf7 33. Bxg6+ Kxg6 34. Qd3+ Kg7 35. f4 Qd7 36. Qe2 Rf7 37. Re5 Rf5 38. Re8 Qc6 39. g4 hxg4 40.
Qxg4+ Qg6 41. Rg8+ 1-0